 Dungeon Crawl Stone Soup version bcrawl-1.21.3-2-g9d8a61a446 (webtiles) character file.

Game seed: 12036194677799908716

597 Dyss the Changer (level 7, -4/52 HPs)
             Began as a Red Draconian Transmuter on Apr 22, 2020.
             Was an Initiate of Cheibriados.
             Slain by an orc
             ... wielding a cursed -1 trident
              (5 damage)
             ... on level 5 of the Dungeon.
             The game lasted 00:14:45 (3976 turns).

Dyss the Changer (Red Draconian Transmuter)         Turns: 3976, Time: 00:14:46

Health: -4/52      AC:  2    Str: 14    XL:     7   Next: 17%
Magic:  7/10       EV: 19    Int: 18    God:    Cheibriados [......]
Gold:   309        SH:  0    Dex: 17    Spells: 6/10 levels left

rFire    x . .     SeeInvis .     - Unarmed
rCold    + . .     Gourm    .   (shield currently unavailable)
rNeg     . . .     Faith    .   (armour unavailable)
rPois    x         Spirit   .   (helmet currently unavailable)
rElec    .         Reflect  .   (cloak currently unavailable)
rCorr    .         Harm     .   (gloves currently unavailable)
MR       .....                  (boots currently unavailable)
Stlth    ++........             (no amulet)
HPRegen  0.17/turn              b - ring of ice
MPRegen  0.12/turn              f - ring of flight

@: spider-form, very slow
A: tiny, (breathe fire), unfitting armour, clever 1, AC +6
a: End Transformation, Bend Time, Renounce Religion, Evoke Flight


You were on level 5 of the Dungeon.
You worshipped Cheibriados.
Cheibriados was noncommittal.
You were very hungry.
You were a venomous arachnid creature.
You visited 1 branch of the dungeon, and saw 5 of its levels.

You collected 309 gold pieces.

Inventory:

Missiles
 a - 428 arrows
Armour
 d - the +2 pair of gloves of Mewyth (melded) {rElec rC+}
   (You found it on level 4 of the Dungeon)

   It protects you from cold.
   It insulates you from electricity.
Jewellery
 b - a ring of ice (left front leg)
 f - a ring of flight (right front leg)
Wands
 o - a wand of polymorph (16)
Scrolls
 g - 8 scrolls of identify {unknown}
 i - 3 scrolls of enchant weapon {unknown}
 j - a scroll of fear {unknown}
 k - 2 scrolls of fog {unknown}
 l - a scroll of magic mapping {unknown}
 m - 3 scrolls of remove curse {unknown}
 n - a scroll of teleportation {unknown}
 p - a scroll of enchant armour {unknown}
Potions
 h - a potion of agility {unknown}
Comestibles
 e - 8 rations {!d}


   Skills:
 + Level 1.4 Fighting
 + Level 2.0 Dodging
 - Level 3.1 Unarmed Combat
 + Level 2.2 Spellcasting
 * Level 7.5 Transmutations
 + Level 0.5 Poison Magic
 + Level 0.9 Invocations


You had 6 spell levels left.
You knew the following spells:

 Your Spells              Type           Power        Failure   Level  Hunger
a - Beastly Appendage     Tmut           ####..       4%          1    #......
b - Spider Form           Tmut/Pois      ###          24%         3    ###....

Your spell library contained the following spells:

 Spells                   Type           Power        Failure   Level  Hunger
 Sticks to Snakes         Tmut           ####....     6%          2    ###....
 Blade Hands              Tmut           ####......   43%         5    ######.
 Ice Form                 Ice/Tmut       ###.....     58%         4    #####..


Dungeon Overview and Level Annotations

Branches:
Dungeon (5/12)
 Temple: D:4-7

Altars:
Ashenzari
Cheibriados
Dithmenos
Elyvilon
Vehumet
Xom
Zin

Shops:
D:4 [


Innate Abilities, Weirdness & Mutations

((You can breathe blasts of fire.))
((Your fiery red scales are hard. (AC +6)))
You cannot fit into any form of body armour.
((Your flesh is heat resistant. (rF+)))
((You are cold-blooded and may be slowed by cold attacks.))
Your mind is acute. (Int +2)
((Your system is resistant to poisons. (rPois)))


Message History

You turn into a venomous arachnid creature.
The +2 pair of gloves of Mewyth {rElec rC+} melds into your body.
The orc priest mumbles some strange prayers to Beogh against you.
Beogh smites you!
The orc hits you from afar with a cursed -1 trident.
Found a glowing flail.
You hit the orc wizard but do no damage.
The orc wizard is poisoned.
The orc priest calls down the wrath of Beogh upon you.
Beogh smites you!
* * * LOW HITPOINT WARNING * * *
The orc completely misses you. The orc wizard misses you.
The orc priest calls down the wrath of Beogh upon you.
Pain shoots through your body!
* * * LOW HITPOINT WARNING * * *
There is a stone staircase leading up here.
Okay, then.
The orc wizard barely misses you.
The orc hits you from afar with a cursed -1 trident.
You die...

....# ...#
...#### .....# .#
.....#
?....#####....#
...........[..#
.##..#####....#..
.......s<.......#
..##.#..o.....###
#....o.....#
#.........o...#
##....!##.....#
##.... ....###
#.... #....)
##### #......
..#.#


You could see an orc priest, an orc wizard and an orc.

Vanquished Creatures
  Menkaure (D:4)
  Duvessa (D:4)
  An ogre (D:4)
  Dowan (D:4)
  A hound (D:4)
  2 orc wizards (D:3)
  Robin (D:3)
  5 adders
  An ooze (D:3)
  3 worms
  3 dart slugs
  A leopard gecko (D:1)
  7 orcs
  4 ball pythons
  2 bats
  4 giant cockroaches
  12 goblins
  10 hobgoblins
  3 jackals (D:2)
  7 kobolds
  3 frilled lizards
  A quokka skeleton (D:4)
  5 rats
79 creatures vanquished.

Notes
Turn   | Place    | Note
-------+----------+-------------------------------------------
     0 | D:1      | Dyss the Draconian Transmuter began the quest for the Orb.
     0 | D:1      | Reached XP level 1. HP: 16/16 MP: 3/3
   113 | D:1      | Reached XP level 2. HP: 23/23 MP: 5/5
   479 | D:1      | Reached skill level 3 in Transmutations
   701 | D:2      | Reached XP level 3. HP: 21/28 MP: 3/6
   850 | D:2      | Found a shattered altar of Ashenzari.
   958 | D:2      | Found a shadowy altar of Dithmenos.
   988 | D:2      | Reached skill level 4 in Transmutations
  1006 | D:2      | Learned a level 3 spell: Spider Form
  1446 | D:3      | Reached XP level 4. HP: 30/35 MP: 5/7
  1701 | D:3      | Noticed Robin
  1712 | D:3      | Killed Robin
  1998 | D:3      | Reached skill level 5 in Transmutations
  1998 | D:3      | Reached XP level 5. HP: 36/40 MP: 4/8
  2370 | D:3      | Found a shimmering altar of Xom.
  2372 | D:3      | Found a radiant altar of Vehumet.
  2421 | D:3      | Found a glowing silver altar of Zin.
  2422 | D:3      | Found a white marble altar of Elyvilon.
  2636 | D:4      | Found a snail-covered altar of Cheibriados.
  2670 | D:4      | Became a worshipper of Cheibriados the Contemplative
  2819 | D:4      | Found Deock's Armour Boutique.
  2851 | D:4      | Noticed Duvessa
  2851 | D:4      | Noticed Dowan
  2854 | D:4      | Gained mutation: Your mind is acute. (Int +2) [potion of
                  | mutation]
  2854 | D:4      | Gained mutation: Your system is resistant to poisons.
                  | (rPois) [potion of mutation]
  2865 | D:4      | HP: 1/40 [Duvessa/+4 short sword of venom (12)]
  2869 | D:4      | Killed Duvessa
  2869 | D:4      | Reached skill level 6 in Transmutations
  2869 | D:4      | Reached XP level 6. HP: 17/47 MP: 5/9
  2882 | D:4      | Killed Dowan
  3107 | D:4      | Got a pair of dazzling gloves
  3113 | D:4      | Identified the +2 pair of gloves of Mewyth {rElec rC+} (You
                  | found it on level 4 of the Dungeon)
  3380 | D:4      | Reached skill level 7 in Transmutations
  3686 | D:5      | Entered Level 5 of the Dungeon
  3686 | D:5      | Noticed Menkaure
  3699 | D:4      | Killed Menkaure
  3699 | D:4      | Your scales start taking on a fiery red colour.
  3699 | D:4      | Reached XP level 7. HP: 8/52 MP: 10/10
  3699 | D:4      | Gained mutation: Your flesh is heat resistant. (rF+) [Red
                  | Draconian growth]
  3975 | D:5      | HP: 1/52 [orc priest/nerve-wracking pain (11)]
  3976 | D:5      | Slain by an orc

Skill      XL: |  1  2  3  4  5  6 |
---------------+-------------------+-----
Transmutations | 3 4 5 6 7 |  7.5
Dodging        | 2 |  2.0
Fighting       | |  1.4
Unarmed Combat | |  3.1
Spellcasting   | |  2.2
Poison Magic   | |  0.5
Invocations    | |  0.9

Action                   |  1- 3 |  4- 6 |  7- 9 || total
-------------------------+-------+-------+-------++-------
Melee: Unarmed           |   124 |   146 |     1 ||   271
       Kick              |    13 |     4 |       ||    17
       Tailslap          |     6 |     6 |       ||    12
       Punch             |     3 |       |       ||     3
       Headbutt          |     3 |       |       ||     3
 Cast: Beastly Appendage |    16 |     2 |       ||    18
       Spider Form       |     2 |    16 |     1 ||    19
 Abil: Evoke Flight      |       |     1 |       ||     1
       End Transformatio |       |     1 |       ||     1
  Use: Potion            |       |     7 |       ||     7
 Stab: Sleeping          |       |     2 |       ||     2
  Eat: Chunk             |     2 |     7 |       ||     9
       Ration            |       |     1 |       ||     1
Armor: Skin              |    37 |    21 |       ||    58
Dodge: Dodged            |    71 |   119 |     3 ||   193
